[Event "*** Titled Tuesday Blitz"]
[Site "Chess.com"]
[Date "2021.03.02"]
[Round "11"]
[White "anon481216"]
[Black "Stouuf"]
[Result "1-0"]
[WhiteElo "2505"]
[BlackElo "2600"]
[TimeControl "180+1"]
[EndTime "12:10:02 PST"]
[Termination "anon481216 won by resignation"]

1. d4 d6 2. c4 e5 3. Nf3 e4 4.
Ng5 f5 5. Nh3 c6 6. Nc3 Nf6 7. g3 Be7 8. Bg2 Na6 9. d5 c5 10.
O-O O-O 11. f3 exf3 12. exf3 Nc7 13. a4 b6 14. Re1 a6 15. Nf4 Rb8 16. Ne6 Bxe6 17. dxe6 d5 18. Bf4 d4 19. Nd5 Ncxd5 20.
Bxb8 Ne3 21. Rxe3 dxe3 22. Qxd8 Rxd8 23. Bc7 Rd2 24. Re1 e2 25. b3 Ne8 26. Bf4 Rb2 27.
Kf2 g5 28. Be5 Rxb3 29. Rxe2 Rb4 30. Bh3 Rxa4 31. Bxf5 Rxc4 32. Rd2 Bf6 33. Bxf6 Nxf6 34. Rd8+ Kg7 35. Rb8 b5 36. Rb7+ Kf8 37. Rf7+ Ke8 38. Rxf6 b4 39. Rf7 b3 40. Rb7 Rb4 41. Ra7 b2 42. Bxh7 b1=Q 43. Bxb1 Rxb1 44. Rxa6 Ke7 45. Rc6 Rb2+ 46. Ke3 Rxh2 47. Rxc5 g4 48. f4 Kxe6 49. Rg5 Ra2 50. Rxg4 Ra3+ 51. Kf2 Kf5 52. Rg5+ Ke4 53. Re5+ Kd4 54. Kg2 Ra2+ 1-0

[Event "*** Titled Tuesday Blitz"]
[Site "Chess.com"]
[Date "2021.03.02"]
[Round "11"]
[White "Mikhail_Golubev"]
[Black "SanchezKelvin"]
[Result "1/2-1/2"]
[WhiteElo "2587"]
[BlackElo "2451"]
[TimeControl "180+1"]
[EndTime "12:10:03 PST"]
[Termination "Game drawn by repetition"]

1. e4 c5 2. Nf3 d6 3. d4 cxd4 4. Nxd4 Nf6 5. Nc3 g6 6. Be3 Bg7 7. f3 O-O 8. Qd2 Nc6 9. O-O-O Nxd4 10. Bxd4 Be6 11. Kb1 Qc7 12. h4 Rfc8 13. h5 Qa5 14.
hxg6 fxg6 15. a3 Bf7 16. g4 Rab8 17. g5 Nh5 18. Bh3 Bxd4 19. Qxd4 Rc4 20. Qe3 b5 21. Nd5 b4 22. a4 Rc5 23. b3 Kf8 24. Bg4 Bxd5 25. exd5 Rxd5 26. Rxd5 Qxd5 27. Qxa7 Ra8 28.
Qe3 Qc5 29. Qxc5 dxc5 30. Bxh5 gxh5 31. Rxh5 Kg7 32. Rh6 Rd8 33. Re6 Kf7 34. Re5 Rc8 35. Kb2 e6 36. a5 Ke7 37. f4 Kd6 38. Re2 Ra8 39. Rh2 Ra7 40. Rh6 Kd5 41. Kc1 Rxa5 42. Rxh7 Ke4 43. Rf7 Ra1+ 44. Kd2 Rg1 45. Rf6 Kd5 46. Kd3 Rg3+ 47. Kd2 Rg2+ 48. Kd3 Rg3+ 49. Kd2 Rg2+ 50. Kd1 Rg1+ 51. Ke2 Rg2+ 52. Kf3 Rxc2 53. g6 Rc1 54. Kg2 Rc2+ 55. Kh3 Rc1 56. Kh2 Rc2+ 57. Kh3 Rc1 58. Kh2 Rc2+ 59. Kh3 1/2-1/2

[Event "*** Titled Tuesday Blitz"]
[Site "Chess.com"]
[Date "2021.03.02"]
[Round "11"]
[White "QuintilianoR"]
[Black "kleopl"]
[Result "1-0"]
[WhiteElo "2689"]
[BlackElo "2487"]
[TimeControl "180+1"]
[EndTime "12:10:03 PST"]
[Termination "QuintilianoR won on time"]

1. d4 f5 2. g3 Nf6 3. Bg2 g6 4. Nf3 Bg7 5. O-O O-O 6. b3 c5 7. e3 Ne4 8. Bb2 d5 9. Nbd2 Nc6 10. c4 cxd4 11. exd4 Be6 12. Re1 Bf7 13. a3 Qd7 14. c5 b6 15. b4 bxc5 16. bxc5 Nxc5 17. dxc5 Bxb2 18. Rb1 Bxa3 19. Ng5 Rad8 20. Nxf7 Rxf7 21.
Qa4 Bxc5 22. Rec1 Ne5 23. Qxd7 Nxd7 24. Bxd5 Kg7 25. Bxf7 Kxf7 26. Nf3 Bb6 27. Rd1 h6 28. Rd3 Nc5 29. Rxd8 Bxd8 30. Ne5+ Kf6 31. f4 g5 32.
Rc1 Bb6 33. Kg2 gxf4 34. gxf4 Ne6 35. Rc6 Bd4 36. Nf3 Bb2 37. Kg3 Kf7 38. Ra6 Bc1 39. Ne5+ Kf6 40. Nd3 Be3 41. Ra4 Bb6 42. Nb4 Nc5 43.
Nd5+ Ke6 44. Nxb6 axb6 45. Ra8 Nd7 46. Rh8 Kd5 47. Rxh6 e6 48. Rh7 Nc5 49. h4 b5 50.
Rh8 Kc4 51. Rb8 b4 52. h5 Ne4+ 53. Kh4 b3 54. h6 Nf6 55. Kg5 1-0

[Event "*** Titled Tuesday Blitz"]
[Site "Chess.com"]
[Date "2021.03.02"]
[Round "11"]
[White "anpospan"]
[Black "lelya96"]
[Result "1-0"]
[WhiteElo "2372"]
[BlackElo "2265"]
[TimeControl "180+1"]
[EndTime "12:10:04 PST"]
[Termination "anpospan won by resignation"]

1. d4 d5 2. c4 c6 3. Nf3 Nf6 4. e3 Bg4 5. Be2 e6 6. Nbd2 Be7 7. Ne5 Bxe2 8. Qxe2 O-O 9. O-O Nbd7 10. f4 Ne4 11. Nxe4 dxe4 12. Bd2 f5 13. b4 Nxe5 14. fxe5 Bg5 15.
g3 Qe7 16. Bc3 Rad8 17. Kg2 Bh6 18. Rad1 Qg5 19. Rf4 Qe7 20. Rh4 Bg5 21. Rh3 h6 22.
Rf1 b6 23. Rh5 g6 24. Rh3 Kg7 25. g4 a6 26. gxf5 gxf5 27. Kh1 Qf7 28. a4 Qg6 29.
Rg3 Rh8 30. h4 Kf7 31. hxg5 hxg5+ 32. Kg1 Rh4 33. Kf2 Rdh8 34. Ke1 Rh2 35. Rf2 Rh1+ 36. Kd2 Ke7 37. Kc2 R8h4 38. Kb2 Qh6 39. Rfg2 g4 40. d5 exd5 41. cxd5 b5 42. d6+ Kd7 43. axb5 axb5 44. Qc2 Qe6 45. Qb3 R1h2 46. Qxe6+ Kxe6 47. Kb3 Rxg2 48. Rxg2 Rh3 49. Rd2 Rh7 50. d7 Rxd7 51. Rxd7 Kxd7 52. Be1 Ke6 53. Bg3 Kd5 54. Kc3 Ke6 55.
Kd4 Kd7 56. Kc5 Ke6 57. Kxc6 f4 58. Bxf4 Kf5 59. Kxb5 1-0

[Event "*** Titled Tuesday Blitz"]
[Site "Chess.com"]
[Date "2021.03.02"]
[Round "11"]
[White "Homyakova_Elena"]
[Black "kamilianin235"]
[Result "0-1"]
[WhiteElo "2266"]
[BlackElo "2199"]
[TimeControl "180+1"]
[EndTime "12:10:04 PST"]
[Termination "kamilianin235 won on time"]

1. e4 c5 2. Nf3 e6 3. Nc3 a6 4. d4 cxd4 5. Nxd4 b5 6. Bd3 Qb6 7. Nb3 Bb7 8. O-O Nc6 9. Re1 d6 10. Be3 Qc7 11. a4 b4 12. Ne2 Nf6 13. a5 Be7 14.
Bb6 Qc8 15. c3 Nd7 16. Be3 Nc5 17. Bc2 O-O 18. Nbd4 Nxd4 19. cxd4 Nxe4 20. Rc1 Qd8 21. Nf4 Qxa5 22. Qg4 Nf6 23. Qh3 Qd8 24. Bd2 g6 25. Bxb4 Nd5 26. Bd2 Bf6 27. Nxd5 Bxd5 28. Bh6 Bg7 29.
Bxg7 Kxg7 30. Qe3 Qb6 31. Rb1 a5 32. Be4 Qb7 33. Bxd5 Qxd5 34. Qf4 Rfc8 35. h3 Rc4 36. Rbd1 Rb8 37. Rd2 Rcb4 38. Ree2 a4 39. Qg3 Rb3 40. Qf4 R8b4 41. Kh2 Rc4 42. Qh4 Rbb4 43. Qg3 Rxd4 44.
Rxd4 Rxd4 45. Rc2 e5 46. Rc7 Rc4 47. Ra7 Qe6 48. Qd3 Rd4 49. Qa6 Qf6 50. Qe2 Rf4 51.
Kg1 d5 52. Rd7 Rd4 53. g3 Qe6 54. Ra7 Re4 55. Qd2 Qxh3 56. Qa5 Qe6 57. Qd2 Rd4 58.
Qe2 Re4 59. Qc2 Qb6 0-1

[Event "*** Titled Tuesday Blitz"]
[Site "Chess.com"]
[Date "2021.03.02"]
[Round "11"]
[White "Gerryisplaying"]
[Black "MarcLonoff"]
[Result "0-1"]
[WhiteElo "2218"]
[BlackElo "2138"]
[TimeControl "180+1"]
[EndTime "12:10:04 PST"]
[Termination "MarcLonoff won on time"]

1. d4 e6 2. e4 d5 3. Nc3 Bb4 4. e5 Ne7 5. a3 Bxc3+ 6. bxc3 c5 7. Qg4 cxd4 8. Bd3 Qa5 9. Ne2 Nbc6 10. Qxg7 Rg8 11.
Qf6 Ng6 12. Bxg6 hxg6 13. Bg5 dxc3 14. h4 d4 15. f4 d3 16. cxd3 c2+ 17. Kf1 Qd2 18. f5 Qxd3 19. fxg6 Qxg6 20. Rc1 Qxf6+ 21. Bxf6 Bd7 22. h5 Ne7 23. Nf4 Nf5 24. Kf2 Bc6 25. h6 Kd7 26. h7 Rh8 27. Bxh8 Rxh8 28. Rxc2 Kc7 29. Rh2 Kb6 30. Rb2+ Ka5 31. g4 Ne7 32. Nd3 Nd5 33. Nc5 b6 34. Nd3 Ka6 35. Rh4 Kb7 36.
g5 Nc3 37. Nb4 Ne4+ 38. Ke3 Nxg5 39. Nxc6 Kxc6 40. Rc2+ Kd5 41. Rc7 Kxe5 42. Rh5 Kf6 43. Rxa7 Kg6 44. Rh4 Nxh7 45. Rb7 Rc8 46. Rxb6 Rc3+ 0-1

[Event "*** Titled Tuesday Blitz"]
[Site "Chess.com"]
[Date "2021.03.02"]
[Round "11"]
[White "Azeryahu"]
[Black "Msb2"]
[Result "0-1"]
[WhiteElo "2740"]
[BlackElo "2900"]
[TimeControl "180+1"]
[EndTime "12:10:05 PST"]
[Termination "Msb2 won by resignation"]

1. d4 d5 2. c4 e6 3. Nc3 Nf6 4.
cxd5 exd5 5. Bg5 c6 6. e3 h6 7. Bh4 Be7 8. Bd3 O-O 9. Qc2 Re8 10. Nf3 Ne4 11. Bxe7 Qxe7 12. O-O Bf5 13. Rab1 Nd7 14. b4 Nb6 15. Ne5 f6 16. Nf3 Rac8 17. a3 a6 18.
Rbe1 g5 19. Nd2 Nxd2 20. Qxd2 Qh7 21. Be2 Re7 22. a4 Rce8 23. a5 Nc8 24. Na4 Nd6 25. Nc5 h5 26. Bd3 h4 27. Bxf5 Qxf5 28. Qd3 Qxd3 29. Nxd3 Kg7 30. h3 Kg6 31. Rc1 Kf5 32. Rfd1 Rg8 33. Kh2 Nc4 34. Rc2 Reg7 35. Nb2 Nd6 36. f3 Re7 37. Rd3 Rge8 38. Rcc3 Kg6 39.
Kg1 f5 40. Kf2 f4 41. Rb3 Nf5 42. Nd1 Kf6 43. Rbc3 Re6 44. Rb3 R8e7 45. Rbc3 Kf7 46. Rb3 Ke8 47. Rbc3 Kd7 48. Rb3 Kc7 49. Rbc3 b6 50.
Ra3 Nd6 51. Rab3 Nc4 52. Rbc3 bxa5 53. bxa5 Nxa5 54. e4 dxe4 55. fxe4 Rxe4 56. d5 Rd7 57. Kf3 Rc4 58. Rxc4 Nxc4 59. Nc3 Ne5+ 0-1

[Event "*** Titled Tuesday Blitz"]
[Site "Chess.com"]
[Date "2021.03.02"]
[Round "11"]
[White "DenisQ"]
[Black "Savagelittlemole"]
[Result "1-0"]
[WhiteElo "2641"]
[BlackElo "2517"]
[TimeControl "180+1"]
[EndTime "12:10:05 PST"]
[Termination "DenisQ won on time"]

1. Nf3 Nf6 2. c4 e6 3. g3 d5 4. Bg2 c5 5. cxd5 exd5 6. d4 Nc6 7. O-O Be7 8. dxc5 Bxc5 9. Bg5 O-O 10. Nc3 Be6 11.
Bxf6 Qxf6 12. Nxd5 Bxd5 13. Qxd5 Bb6 14. Qb3 Rad8 15. Rad1 Na5 16. Qb5 Qe6 17. b3 a6 18. Qe5 Qc6 19. Nd4 Qc3 20. Nc6 Qxe5 21.
Nxe5 Bc7 22. Nd7 Rfe8 23. e3 b5 24. Nc5 Bd6 25. Nxa6 Kf8 26. Rd5 Nc6 27. Rxb5 Ne5 28. Rd1 Ke7 29. Rb7+ Rd7 30. Rxd7+ Kxd7 31. Nc5+ Ke7 32.
Ne4 Bb4 33. h3 f5 34. Ng5 h6 35. Nf3 Nxf3+ 36. Bxf3 Rc8 37. Rd4 Ba5 38. Rc4 Rd8 39. b4 Bb6 40. a4 Rd2 41. a5 Bd8 42. Rc5 Ra2 43. Rxf5 Rb2 44. Rb5 Kd6 45. a6 Ra2 46. Rd5+ Ke6 47. b5 Ke7 48. Rxd8 Kxd8 49. g4 Kc7 50. Kg2 Kb6 51. Bc6 Rd2 52. Kg3 Re2 53.
h4 Rd2 54. h5 Rc2 55. f4 Re2 56. Kf3 Rh2 57. Ke4 Rg2 58. Kf5 Re2 59. e4 Rd2 60. e5 Rf2 61. e6 Re2 62. Bd7 Kc7 63.
Kg6 Kd6 64. a7 Ra2 65. b6 Ke7 66. b7 Rf2 67. b8=Q 1-0

[Event "*** Titled Tuesday Blitz"]
[Site "Chess.com"]
[Date "2021.03.02"]
[Round "11"]
[White "Treacherous_horse64"]
[Black "aljado"]
[Result "1-0"]
[WhiteElo "2547"]
[BlackElo "2145"]
[TimeControl "180+1"]
[EndTime "12:10:05 PST"]
[Termination "Treacherous_horse64 won on time"]

1. d4 Nf6 2. Nf3 g6 3. Nbd2 Bg7 4. e4 b6 5. e5 Ng8 6. Bd3 Bb7 7. O-O d6 8. Qe2 c5 9. dxc5 bxc5 10. Re1 Nc6 11. exd6 Qxd6 12. Nc4 Qc7 13. Be3 Nd4 14. Nxd4 cxd4 15.
Bg5 Nf6 16. Qd2 O-O 17. Bf4 Qc5 18. Re5 Qc6 19. f3 Nh5 20. Na5 Qc8 21. Rxh5 gxh5 22. Bh6 f6 23. Re1 Bd5 24. Rxe7 Rf7 25. Rxf7 Bxf7 26.
Be4 Rb8 27. Nc6 Qf8 28. Bxg7 Kxg7 29. Nxb8 Qxb8 30. Qxd4 Bxa2 31. Bd3 Bf7 32. h3 Qc7 33. Qe4 Qb6+ 34. Kh1 Qxb2 35. Qxh7+ Kf8 36. Qh6+ Ke7 37. Qe3+ Kf8 38. Qxa7 Qc1+ 39. Qg1 Qd2 40. Kh2 Be6 41. Qc5+ Kg7 42. Qxh5 Qf4+ 43. Kg1 Qe3+ 44. Kf1 Qc1+ 45. Ke2 Qg1 46. g4 Qg2+ 47. Ke3 Qg1+ 48. Kf4 Qc1+ 49.
Ke4 Qe1+ 50. Kd4 Qa1+ 51. c3 Qg1+ 52. Ke4 Qe1+ 53. Kf4 Qxc3 54. Qg6+ 1-0

[Event "*** Titled Tuesday Blitz"]
[Site "Chess.com"]
[Date "2021.03.02"]
[Round "11"]
[White "EvgenyT"]
[Black "GM_Crest"]
[Result "1/2-1/2"]
[WhiteElo "2912"]
[BlackElo "2790"]
[TimeControl "180+1"]
[EndTime "12:10:07 PST"]
[Termination "Game drawn - insufficient material"]

1. Nf3 Nf6 2. g3 d5 3. Bg2 c6 4. O-O Bg4 5. d3 Nbd7 6. h3 Bh5 7. c4 dxc4 8. dxc4 e5 9. Nc3 Bc5 10. Nh4 O-O 11. Qc2 a5 12. Bg5 Qc7 13. Rad1 Rfe8 14. g4 Bg6 15. Nxg6 hxg6 16. e3 Nf8 17. Bh4 N6h7 18.
Ne4 Be7 19. Bxe7 Qxe7 20. c5 Ne6 21. Qc3 Nc7 22. Nd6 Red8 23. a3 a4 24. Qc4 Ne6 25. Qb4 Rab8 26. Rd2 Qh4 27. f4 Qg3 28. Rf3 Qe1+ 29. Kh2 exf4 30. exf4 b6 31. cxb6 c5 32. Qc3 Nd4 33. Rxd4 Qxc3 34. bxc3 cxd4 35. Nc4 Rbc8 36.
Bf1 Nf6 37. cxd4 Rxd4 38. b7 Rb8 39. Na5 Rd5 40. Rc3 Nd7 41. Rc8+ Kh7 42. Rc7 g5 43.
Bg2 Rxa5 44. Rxd7 gxf4 45. Rxf7 Rb5 46. Rxf4 R5xb7 47. Bxb7 Rxb7 48. Rxa4 Rb3 49. Kg2 g5 50. h4 gxh4 51. Ra5 Rg3+ 52. Kh2 Rxg4 53. Kh3 Rf4 54.
Rh5+ Kg6 55. Rxh4 Rf3+ 56. Kg4 Rxa3 57. Rh3 Rxh3 58. Kxh3 1/2-1/2

[Event "*** Titled Tuesday Blitz"]
[Site "Chess.com"]
[Date "2021.03.02"]
[Round "11"]
[White "As0nchess"]
[Black "Grimlock_Glasgow"]
[Result "1-0"]
[WhiteElo "2654"]
[BlackElo "2495"]
[TimeControl "180+1"]
[EndTime "12:10:07 PST"]
[Termination "As0nchess won on time"]

1. e4 e5 2. Nf3 d5 3. exd5 Bd6 4. c4 e4 5. Nd4 Nf6 6. Nc3 O-O 7. d3 Re8 8. Be2 exd3 9. Qxd3 c6 10. dxc6 Nxc6 11.
Nxc6 bxc6 12. O-O Qc7 13. h3 Bb7 14. Bg5 Rad8 15. Qc2 Bh2+ 16. Kh1 Be5 17. Bf3 h6 18. Be3 Ba6 19. b3 Nh7 20. Rad1 Ng5 21. Bg4 Ne6 22. Rxd8 Qxd8 23. Bf3 c5 24. Nd5 Nd4 25. Bxd4 Bxd4 26. Qf5 Bc8 27. Qf4 g5 28. Qd2 Bb7 29. Re1 Bxd5 30. Rxe8+ Qxe8 31. Bxd5 Kg7 32. g3 Qe5 33.
Kg2 h5 34. Qd3 h4 35. gxh4 gxh4 36. Qf3 Qg5+ 37. Qg4 Qxg4+ 38. hxg4 f6 39. f4 Be3 40. Kf3 Bd2 41. Be6 Kf8 42. Bd5 Ke7 43. Ke4 h3 44.
Kf5 h2 45. g5 fxg5 46. fxg5 Kf8 47. Kf6 Bc3+ 48. Ke6 Kg7 49. Be4 Bd4 50. Kd6 Be3 51.
Kc6 Bxg5 52. Kxc5 Kf6 53. Kc6 Ke7 54. b4 Bd2 55. b5 Ke6 56. a4 Ke5 57. Bh1 Kd4 58.
c5 Bb4 59. b6 1-0

[Event "*** Titled Tuesday Blitz"]
[Site "Chess.com"]
[Date "2021.03.02"]
[Round "11"]
[White "night_player"]
[Black "j2806"]
[Result "0-1"]
[WhiteElo "2157"]
[BlackElo "2092"]
[TimeControl "180+1"]
[EndTime "12:10:08 PST"]
[Termination "j2806 won by resignation"]

1. e4 c5 2. c3 d5 3. exd5 Qxd5 4. d4 Nf6 5. Nf3 Bg4 6. Be2 e6 7. O-O Nc6 8. Be3 cxd4 9. cxd4 Be7 10. Nc3 Qd8 11.
a3 O-O 12. Qb3 b6 13. h3 Bh5 14. Rfd1 Rc8 15. g4 Bg6 16. Ne5 Qc7 17. Bf4 Nxe5 18. dxe5 Ne4 19. Rac1 Nxc3 20. Rxc3 Qb7 21. Rxc8 Rxc8 22.
Qa4 Bf8 23. Ba6 Bc2 24. Bxb7 Bxa4 25. Bxc8 Bxd1 26. Be3 Bb3 27. f4 f6 28. Kf2 Kf7 29.
Ke2 fxe5 30. fxe5 Ke7 31. Kd3 Kd8 32. Bb7 Kc7 33. Be4 h6 34. Kc3 Ba4 35. Bg6 Bc6 36. Kc4 Bd5+ 37. Kb5 Bb7 38. Bf7 a6+ 39. Kc4 Bd5+ 40. Kd3 Kc6 41. Bd4 Be7 42. Be8+ Kc7 43. a4 Bb4 44. Be3 Bg2 45. h4 Be7 46. g5 hxg5 47. hxg5 Bd5 48. Bf7 Kc6 49. Be8+ Kc7 50. Bd2 Bc6 51. b3 Bxe8 52. Be3 Bg6+ 53. Kd4 b5 54. axb5 axb5 55. Kc3 Kc6 56. Bd4 Kd5 57. Be3 Bc5 58. Bf4 Bd4+ 59. Kd2 Bxe5 60. Be3 Bd4 61.
Bf4 Be5 62. Bg3 Bxg3 0-1

[Event "*** Titled Tuesday Blitz"]
[Site "Chess.com"]
[Date "2021.03.02"]
[Round "11"]
[White "Klavdia_Nik"]
[Black "publicaccountcze"]
[Result "1-0"]
[WhiteElo "2061"]
[BlackElo "2172"]
[TimeControl "180+1"]
[EndTime "12:10:08 PST"]
[Termination "Klavdia_Nik won by checkmate"]

1. Nf3 Nf6 2. c4 c5 3. b3 d5 4. Bb2 e6 5. g3 Nc6 6. Bg2 d4 7. O-O Bd6 8. d3 O-O 9. a3 a5 10. Nbd2 Rb8 11. Ng5 e5 12. Nge4 Nxe4 13. Nxe4 f5 14.
Nxd6 Qxd6 15. Bc1 Bd7 16. Bd2 Rbe8 17. Qb1 b6 18. b4 axb4 19. axb4 Nxb4 20. Bxb4 cxb4 21.
Qb3 Kh8 22. Rfb1 Bc6 23. Qxb4 Qxb4 24. Rxb4 Bxg2 25. Kxg2 Rf6 26. Rab1 e4 27. Rxb6 exd3 28. exd3 h6 29. Rxf6 gxf6 30. Rb6 Kg7 31. Rd6 Re2 32. Rxd4 Kg6 33. Kf3 Rd2 34. h4 Kh5 35. c5 Rc2 36. Rc4 Rd2 37. Ke3 Ra2 38. c6 Ra8 39. c7 Rc8 40. d4 Kg6 41. d5 Kf7 42. d6 Ke6 43. Rd4 Kd7 44. Kf4 Ra8 45. Kxf5 Ra2 46. f4 Ra3 47. g4 Rg3 48. h5 Rg2 49. Rc4 Rg1 50. c8=Q+ Kxd6 51. Qc6+ Ke7 52. Qe6+ Kd8 53. Rc8# 1-0

[Event "*** Titled Tuesday Blitz"]
[Site "Chess.com"]
[Date "2021.03.02"]
[Round "11"]
[White "agartha01"]
[Black "Chernov_Mikhail"]
[Result "1/2-1/2"]
[WhiteElo "2524"]
[BlackElo "2383"]
[TimeControl "180+1"]
[EndTime "12:10:10 PST"]
[Termination "Game drawn by repetition"]

1. d4 d5 2. Bf4 Nf6 3. Nf3 c5 4. e3 Nc6 5. Nbd2 Bg4 6. c3 e6 7. h3 Bh5 8. Qb3 Qb6 9. Ne5 c4 10. Qc2 Nxe5 11. Bxe5 Bg6 12. Qc1 Be7 13. Be2 O-O 14.
O-O Qc6 15. Bd1 b5 16. Bc2 b4 17. Bxg6 hxg6 18. Qc2 a5 19. Rfe1 Ra7 20. e4 Rb7 21. Bxf6 Bxf6 22. exd5 exd5 23. Nf3 Rfb8 24. Rab1 a4 25. Ne5 Bxe5 26. dxe5 Qc5 27. e6 bxc3 28. exf7+ Rxf7 29. bxc3 Rbf8 30. Re2 d4 31. cxd4 Qxd4 32. Rc1 Rf4 33. Rd2 Qc5 34. Rf1 c3 35. Rd3 Rc4 36. Rg3 Rf6 37. Kh2 Qc7 38. Rd1 Rd6 39. Rxd6 Qxd6 40. Kg1 Rc6 41. Rxc3 Rxc3 42. Qxc3 a3 43.
Qb3+ Kh7 44. g3 Qc5 45. Kg2 Qc6+ 46. Qf3 Qc2 47. Qd5 Qb2 48. h4 Qe2 49. Kg1 Kh8 50.
Qd8+ Kh7 51. Qd5 Qb2 52. Kg2 Qe2 53. Kg1 1/2-1/2

[Event "*** Titled Tuesday Blitz"]
[Site "Chess.com"]
[Date "2021.03.02"]
[Round "11"]
[White "kubal123"]
[Black "Xeniya2005"]
[Result "1-0"]
[WhiteElo "2241"]
[BlackElo "2335"]
[TimeControl "180+1"]
[EndTime "12:10:11 PST"]
[Termination "kubal123 won by resignation"]

1. Nf3 d5 2. g3 Nf6 3. d4 g6 4.
Bg2 Bg7 5. c4 O-O 6. O-O Nc6 7.
cxd5 Nxd5 8. e4 Nb6 9. d5 Na5 10. Nc3 c6 11. Re1 Nac4 12. Qc2 cxd5 13. Nxd5 Nxd5 14.
Qxc4 Nb6 15. Qc2 Be6 16. Bf4 Rc8 17. Qd1 Nc4 18. e5 Qb6 19. b3 Na3 20. Rc1 Nb5 21.
Be3 Qa6 22. Bf1 Qa5 23. b4 Qxb4 24. Rb1 Qg4 25. Bxb5 Rfd8 26. Qe2 Bd5 27. Nd2 Qh3 28. f4 a6 29. Bc4 Bc6 30. Rbd1 Qf5 31. Nf3 Qe4 32.
Kf2 Rxd1 33. Rxd1 Ba4 34. Rd4 Qf5 35. Nh4 Qb1 36. e6 Bxd4 37. exf7+ Kf8 38. Bxd4 Qc2 39. Qxc2 Bxc2 40. Be6 Rd8 41. Ke3 Ba4 42. Nf3 Bd7 43. Bb3 Bc6 44. Ng5 Bd5 45. Ne6+ Bxe6 46. Bxe6 Rd6 47. Bb3 Rc6 48. Ke4 b5 49. Bd5 Rc2 50. g4 a5 51. f5 gxf5+ 52. gxf5 a4 53. Be3 Kg7 54. Bh6+ Kxh6 55. f8=Q+ 1-0

[Event "*** Titled Tuesday Blitz"]
[Site "Chess.com"]
[Date "2021.03.02"]
[Round "11"]
[White "chesslh19"]
[Black "cukin84"]
[Result "1-0"]
[WhiteElo "2241"]
[BlackElo "2136"]
[TimeControl "180+1"]
[EndTime "12:10:12 PST"]
[Termination "chesslh19 won by resignation"]

1. e4 c6 2. d4 d5 3. Nd2 a6 4. Ngf3 Bg4 5. h3 Bh5 6. c3 e6 7.
Bd3 Nf6 8. e5 Nfd7 9. O-O c5 10.
Re1 Nc6 11. g4 Bg6 12. Nf1 cxd4 13. cxd4 Nb4 14. Bg5 Be7 15. Bxe7 Qxe7 16. Bxg6 hxg6 17. a3 Nc6 18. Kg2 O-O-O 19. b4 Kb8 20. Ng3 f5 21. exf6 gxf6 22. Rc1 f5 23. g5 f4 24. Ne2 Qf7 25. Neg1 Qf5 26. Qc2 Qf7 27. Qe2 Rde8 28. Rc3 Qg7 29.
Rxc6 bxc6 30. Qxa6 Qe7 31. Qxc6 Rc8 32. Qxe6 Qxe6 33. Rxe6 Rhg8 34. Rd6 Kc7 35. Rxd5 Kc6 36. Ra5 Ra8 37. Ne5+ Nxe5 38. Rxe5 Rxa3 39. Nf3 Rh8 40.
Re6+ Kd5 41. Rxg6 Rxf3 42. Kxf3 Rxh3+ 43. Kxf4 Rb3 44. Rg8 Kxd4 45. Rd8+ Kc4 46. g6 Rxb4 47. Kg5 Kc5 48. f4 Rb1 49. f5 Kc6 50. f6 Kc7 51.
Rd4 Rg1+ 52. Rg4 Rc1 53. g7 Rc5+ 54. Kh6 Kd6 55. g8=Q Rc6 56. Qd8+ Kc5 57. Qe8 Rxf6+ 58.
Rg6 Rd6 59. Qf8 1-0

[Event "*** Titled Tuesday Blitz"]
[Site "Chess.com"]
[Date "2021.03.02"]
[Round "11"]
[White "verdest"]
[Black "jacky72"]
[Result "0-1"]
[WhiteElo "2521"]
[BlackElo "2704"]
[TimeControl "180+1"]
[EndTime "12:10:13 PST"]
[Termination "jacky72 won by resignation"]

1. d4 Nf6 2. c4 g6 3. g3 Bg7 4. Bg2 O-O 5. Nc3 d6 6. Nf3 Nc6 7. O-O Bf5 8. d5 Na5 9. Nd4 Bd7 10. b3 c5 11. dxc6 bxc6 12. Bb2 Rb8 13. Rb1 Qc7 14. e4 Rfc8 15. Qd2 Nb7 16. Rfe1 Nc5 17. Rbd1 Ne6 18. Nxe6 Bxe6 19. Ne2 Qb6 20. Ba1 a5 21. Nf4 Bg4 22. Rc1 a4 23. c5 dxc5 24.
h3 Rd8 25. Qc2 axb3 26. axb3 Bc8 27. Qxc5 Qxc5 28. Rxc5 Rxb3 29. Rxc6 Bb7 30. Rc7 e6 31. Bxf6 Bxf6 32. e5 Bxg2 33. exf6 Bb7 34. Rec1 e5 35. Ng2 Bxg2 36. Kxg2 Rbb8 37. R1c6 h6 38. Re7 Re8 39. Rcc7 Rxe7 40. fxe7 Re8 41. Kf3 f6 42. Ke4 Kf7 43. h4 Rxe7 44. Rc6 f5+ 45. Kf3 Kg7 46. Ke3 Ra7 47. Kf3 g5 48. h5 e4+ 49. Ke2 Ra2+ 50. Ke3 Ra3+ 51. Ke2 f4 52. gxf4 gxf4 53. Rg6+ Kf7 54.
Rxh6 Ra2+ 55. Ke1 f3 56. Rc6 Re2+ 57. Kf1 Rb2 58. Ke1 Rb1+ 59. Kd2 Rb2+ 60. Rc2 e3+ 0-1

[Event "*** Titled Tuesday Blitz"]
[Site "Chess.com"]
[Date "2021.03.02"]
[Round "11"]
[White "CrazyMartian"]
[Black "Chimpinha"]
[Result "1-0"]
[WhiteElo "2299"]
[BlackElo "2386"]
[TimeControl "180+1"]
[EndTime "12:10:13 PST"]
[Termination "CrazyMartian won by resignation"]

1. d4 Nf6 2. c4 e5 3. dxe5 Ng4 4. Nf3 Bc5 5. e3 Nc6 6. Nc3 O-O 7. a3 a5 8. Nd5 Ncxe5 9. Nxe5 Nxe5 10. f4 Nc6 11.
Bd3 Re8 12. O-O d6 13. Qh5 g6 14. Qf3 f5 15. Bd2 Be6 16. Kh1 Rf8 17. Bc3 a4 18.
Rad1 Na5 19. Qh3 c6 20. Qh6 Rf7 21. Nb4 Nxc4 22. Bxc4 Bxc4 23. Rfe1 Qf8 24. Qh4 Qe7 25. Qh6 d5 26. Nc2 Bb3 27. Rd2 Bxc2 28. Rxc2 Qf8 29. Qh4 Be7 30. Qg3 Bf6 31. Bd4 Re8 32. Bc5 Qg7 33.
Qf2 Be7 34. Bd4 Bf6 35. Bc5 Re4 36. h3 Rd7 37. g4 fxg4 38. hxg4 Qh6+ 39. Qh2 Qxh2+ 40.
Kxh2 d4 41. Kg2 dxe3 42. Rxe3 Rxe3 43. Bxe3 Bd4 44. Kf3 Bxe3 45. Kxe3 Kg7 46. Rc4 Re7+ 47. Kf3 Rd7 48. Rxa4 Rd3+ 49. Ke4 Rb3 50. Rb4 Rxb4+ 51. axb4 h5 52. gxh5 gxh5 53. Kf5 Kf7 54. Kg5 Ke6 55. f5+ Ke5 56. f6 Ke6 57. Kg6 h4 58. f7 h3 59. f8=Q h2 60. Qf1 Kd5 61. Qh1+ 1-0

[Event "*** Titled Tuesday Blitz"]
[Site "Chess.com"]
[Date "2021.03.02"]
[Round "11"]
[White "Moon_stone123"]
[Black "AlexTriapishko"]
[Result "0-1"]
[WhiteElo "2510"]
[BlackElo "2774"]
[TimeControl "180+1"]
[EndTime "12:10:15 PST"]
[Termination "AlexTriapishko won by checkmate"]

1. Nf3 c5 2. g3 Nc6 3. c4 g6 4. Bg2 Bg7 5. O-O e6 6. Nc3 Nge7 7. d4 cxd4 8. Nb5 d5 9. cxd5 Nxd5 10. Nfxd4 Nxd4 11. Nxd4 O-O 12. e4 Nb6 13. Nb3 Qxd1 14. Rxd1 Bd7 15.
e5 Bxe5 16. Bxb7 Rab8 17. Bg2 Ba4 18. Bh6 Bxb2 19. Rab1 Bg7 20. Bxg7 Kxg7 21. Rd4 Rfc8 22. h4 Rc4 23. Rxc4 Nxc4 24. Rc1 Bxb3 25. axb3 Nd2 26.
Rc7 a5 27. Rc5 Nxb3 28. Rc7 Rb6 29. Ra7 Kf6 30. Bf1 Nd2 31. Kg2 Nxf1 32. Kxf1 Rb1+ 33. Kg2 Rb5 34. Ra6 h5 35. Ra7 Rf5 36. f4 Kg7 37. Kf3 Kf8 38. Ke4 Rd5 39. Rb7 Ke8 40. Ra7 Rf5 41. Rb7 Kd8 42. Rb1 Kc7 43. Rc1+ Kb6 44. Rb1+ Ka6 45. Ra1 Rb5 46. Rc1 Rb7 47. Ra1 Rb4+ 48.
Ke5 Rb5+ 49. Kf6 Rf5+ 50. Kg7 Kb5 51. Rb1+ Kc4 52. Rb7 a4 53. Rc7+ Kb4 54. Rb7+ Kc3 55. Rc7+ Kb3 56. Rb7+ Ka3 57. Ra7 Kb4 58. Rb7+ Rb5 59.
Rd7 a3 60. Rd2 Rf5 61. Rd4+ Kb3 62. Rd3+ Kb2 63. Rd8 e5 64. fxe5 Rxe5 65. Ra8 Rf5 66. Rb8+ Ka1 67. Rb3 a2 68. Rb8 Rf3 69. Rb7 Rxg3 70.
Kxf7 Rg4 71. Kf6 Rxh4 72. Kxg6 Rh2 73. Kg5 Rb2 74. Re7 Rb5+ 75. Kh4 Kb2 76. Re2+ Ka3 77. Re1 Rb1 78. Re2 Rb4+ 79. Kg3 a1=Q 80. Rf2 Rb3+ 81. Kg2 Qd4 82. Kg1 Qg4+ 83. Kf1 Rb1# 0-1

[Event "*** Titled Tuesday Blitz"]
[Site "Chess.com"]
[Date "2021.03.02"]
[Round "11"]
[White "Supernotar"]
[Black "AldokhinIvan"]
[Result "1-0"]
[WhiteElo "2684"]
[BlackElo "2527"]
[TimeControl "180+1"]
[EndTime "12:10:19 PST"]
[Termination "Supernotar won by resignation"]

1. d4 Nf6 2. c4 g6 3. Nc3 Bg7 4. e4 d6 5. Be2 O-O 6. Nf3 Nc6 7. O-O Re8 8. d5 Nb4 9. Bg5 h6 10. Bh4 e6 11. Nd2 a5 12. f3 exd5 13. cxd5 g5 14. Bf2 Nh5 15. a3 Na6 16. Re1 Nf4 17.
Bf1 Nc5 18. Qc2 g4 19. Be3 Nh5 20. b4 axb4 21. axb4 Rxa1 22. Rxa1 Na6 23. Rb1 Qh4 24. Nd1 Be5 25. g3 Nxg3 26. hxg3 Qxg3+ 27. Bg2 Qe1+ 28. Nf1 gxf3 29. Bxf3 Kh7 30. Qf2 Rg8+ 31. Bg2 Qxf2+ 32. Nxf2 h5 33. Kh1 Bd7 34. b5 Nc5 35. Nd2 Rg3 36. Nc4 Bc3 37. Kh2 h4 38. Bf4 Rg8 39. b6 c6 40. Nxd6 Bd4 41. Nh3 Nd3 42. dxc6 Bxc6 43.
Nf5 Nxf4 44. Nxf4 Be5 45. Rf1 Rg4 46. Ne7 Bxf4+ 47. Rxf4 Rxf4 48. Nxc6 Rf6 49. e5 Rh6 50. Be4+ Kg7 51. Nd8 Rxb6 52. Nxb7 Rb2+ 53. Kh3 Kh6 54. Nd6 Rb4 55. Bd5 f5 56. exf6 Rd4 57. f7 Kg7 58.
Nf5+ Kf8 59. Nxd4 1-0